 Dungeon Crawl Stone Soup version 0.30-a0-778-g2ef04afb54 (webtiles) character file.

Game seed: 4203013512203832311

49 sircluck the Covert (level 3, -3/17 HPs)
             Began as a Felid Delver on Feb 15, 2023.
             Slain by a bullfrog (5 damage)
             ... on level 5 of the Dungeon.
             The game lasted 00:00:30 (111 turns).

sircluck the Covert (Felid Delver)                   Turns: 111, Time: 00:00:30

Health: -3/17      AC:  1    Str:  8    XL:     3   Next: 51%
Magic:  4/4        EV: 18    Int: 11    God:
Gold:   32         SH:  0    Dex: 19    Spells: 2/2 levels left
                                        Lives:  0   Deaths: 1

rFire   . . .      SeeInvis +      - Unarmed
rCold   . . .      Faith    .    (shield unavailable)
rNeg    . . .      Spirit   .    (body armour unavailable)
rPois   .          Reflect  .    (helmet unavailable)
rElec   .          Harm     .    (cloak unavailable)
rCorr   .          Rampage  .    (gloves unavailable)
Will    .....                    (boots unavailable)
Stlth   ++++                     (no amulet)
HPRegen 0.22/turn                (no ring)
MPRegen 0.09/turn                (no ring)

@: quick
A: very small, claws 1, fangs 3, see invisible, speed 1, shaggy fur 1, stealthy
paws, no weapons or thrown items, no armour, multi-lived
a: no special abilities


You were on level 5 of the Dungeon.
You visited 1 branch of the dungeon, and saw 1 of its levels.

You collected 32 gold pieces.

Inventory:

Wands
 e - a wand of digging (3)
Scrolls
 a - a scroll of fog
 b - a scroll of magic mapping
 c - a scroll of fear
Potions
 d - a potion of haste
 f - a potion of curing {unknown}


   Skills:
 + Level 3.4 Fighting
 + Level 3.0 Dodging
 + Level 8.5 Stealth
 + Level 2.3 Unarmed Combat


You had 2 spell levels left.
You didn't know any spells.
Your spell library was empty.

Dungeon Overview and Level Annotations

Branches:
Dungeon (5/15)
 Temple: D:4-7

Altars:


Innate Abilities, Weirdness & Mutations

You have sharp claws.
You have razor-sharp teeth.
You have supernaturally acute eyesight. (SInv)
You cover ground quickly. (Speed+)
You are covered in fur. (AC +1)
Your paws help you pounce on unaware monsters.
You are incapable of wielding weapons or throwing items.
You cannot wear armour.
You gain extra lives every three experience levels.


Message History

You closely miss the bullfrog.
The bullfrog is moderately wounded.
The bullfrog misses you. The bullfrog hits you.
You scratch the bullfrog.
The bullfrog is moderately wounded.
The bullfrog hits you!
* * * LOW HITPOINT WARNING * * *
You are too injured to fight recklessly!
You are too injured to fight recklessly!
You are too injured to fight recklessly!
You are too injured to fight recklessly!
You are too injured to fight recklessly!
You are too injured to fight recklessly!
You are too injured to fight recklessly!
You are too injured to fight recklessly!
You are too injured to fight recklessly!
You are too injured to fight recklessly!
You are too injured to fight recklessly!
You are too injured to fight recklessly!
You are too injured to fight recklessly!
You are too injured to fight recklessly!
You are too injured to fight recklessly!
You barely miss the bullfrog.
The bullfrog is moderately wounded.
The bullfrog hits you.
* * * LOW HITPOINT WARNING * * *
The bullfrog misses you.
You scratch the bullfrog.
The bullfrog is heavily wounded.
The bullfrog closely misses you.
You scratch the bullfrog.
The bullfrog is severely wounded.
The bullfrog completely misses you. The bullfrog closely misses you.
You closely miss the bullfrog.
The bullfrog is severely wounded.
The bullfrog closely misses you.
You completely miss the bullfrog.
The bullfrog is severely wounded.
The bullfrog hits you.
You die...

####.# #.#. .....# #.. #
#.# [....# #.# .#.#.#.
.....#########.##.......
.....##................
......................
......########.###.##.##
......# #.#.F......
......# #..@.$# ......#
#......##.#
#####.##...###.## .#
..... #.# # ..# ###


You could see a bullfrog.

Vanquished Creatures
  A phantom (D:5)
  A hound (D:5)
  An orc (D:5)
3 creatures vanquished.

Notes
Turn   | Place    | Note
-------+----------+-------------------------------------------
     0 | D:5      | sircluck the Felid Delver began the quest for the Orb.
     0 | D:5      | Reached XP level 1. HP: 10/10 MP: 2/2
    19 | D:5      | Noticed a phantom
    22 | D:5      | Noticed a hound
    30 | D:5      | Killed a hound
    31 | D:5      | Reached skill level 7 in Stealth
    31 | D:5      | Reached XP level 2. HP: 13/14 MP: 3/3
    31 | D:5      | Reached XP level 3. HP: 16/17 MP: 4/4
    32 | D:5      | Killed a phantom
    33 | D:5      | Reached skill level 8 in Stealth
    33 | D:5      | Reached XP level 4. HP: 20/21 MP: 5/5
    67 | D:5      | HP: 1/21 [orc wizard/magic dart (9)]
    69 | D:5      | Slain by an orc wizard
    70 | D:5      | Reached XP level 3. HP: 0/17 MP: 4/4
    93 | D:5      | Noticed a bullfrog
   111 | D:5      | Slain by a bullfrog

Illustrated notes

Levels and vault maps discovered:
D:5:      layout_rooms, chequers_ossuary_entry_cave

Skill      XL: |  1  2  3 |
---------------+----------+-----
Stealth        | 7 8 |  8.5
Dodging        | 3 |  3.0
Fighting       | |  3.4
Unarmed Combat | |  2.3

Action                     |  1- 3 |  4- 6 || total
---------------------------+-------+-------++-------
  Melee: Unarmed           |    17 |    12 ||    29
         Bite              |     1 |     2 ||     3
   Stab: Sleeping          |     2 |       ||     2
 Armour: Skin              |     1 |       ||     1
  Dodge: Dodged            |    15 |     8 ||    23

Table legend: (Time is in decaauts)
 A = Elapsed time spent in this place.
 B = Non-inter-level travel time spent in this place.
 C = Inter-level travel time spent in this place.
 D = Time resting spent in this place.
 E = Time spent auto-exploring this place.
 F = Levels seen in this place.
 G = Mean time per level.
                   A        B        C        D        E       F      G
               +--------+--------+--------+--------+--------+-----+--------+
         Total |     94 |     84 |     10 |      0 |     35 |   1 |   94.0 |
       Dungeon |     94 |     84 |     10 |      0 |     35 |   1 |   94.0 |
               +--------+--------+--------+--------+--------+-----+--------+

Top non-repeatable levels by time:
     D:5: 94 daAuts
